 Dungeon Crawl Stone Soup version 0.16.1 (console) character file.

1143 mauris the Summoner (level 8, -12/31 HPs)
             Began as a Felid Summoner on Mar 23, 2015.
             Was a Believer of Ru.
             Killed from afar by an electric eel (14 damage)
             ... with a bolt of electricity
             ... on level 8 of the Dungeon.
             The game lasted 00:51:12 (13162 turns).

mauris the Summoner (Felid Summoner)               Turns: 13162, Time: 00:51:13

Health: -12/31     AC:  2    Str:  4    XL:     8   Next: 15%
Magic:  20/20      EV: 18    Int: 18    God:    Ru [**....]
Gold:   21         SH:  0    Dex: 19    Spells: 5 memorised, 0 levels left
                                        Lives:  0   Deaths: 2

rFire  . . .     SeeInvis +     (weapon unavailable)
rCold  . . .     Clarity  .     (armour unavailable)
rNeg   . . .     SustAb   .     (shield unavailable)
rPois  .         Gourm    .     (helmet unavailable)
rElec  .         Spirit   .     (cloak unavailable)
rCorr  .         Warding  .     (gloves unavailable)
rMut   .         Stasis   .     (boots unavailable)
MR     +....                    (no amulet)
Stlth  +++.......               (no ring)
                                t - +2 ring of dexterity

@: quick, somewhat resistant to hostile enchantments, fairly stealthy
A: paw claws, no armour, no weapons or thrown items, fangs 3, see invisible,
carnivore 3, speed 1, shaggy fur 2, slow metabolism 1, cowardly, slow reflexes
1, sharp paws
a: Renounce Religion


You were on level 8 of the Dungeon.
You worshipped Ru.
Ru was pleased with you.
You were completely stuffed.

You visited 1 branch of the dungeon, and saw 8 of its levels.
You also visited: Bailey.

You collected 412 gold pieces.
You spent 391 gold pieces at shops.

Inventory:

Jewellery
 a - the ring of Circularity {Wiz Str-5 Int+4 Dex+4 SInv}
   (You bought it in a shop on level 8 of the Dungeon)

   [ring of wizardry]

   It improves your spell success rate.
   It affects your strength (-5).
   It affects your intelligence (+4).
   It affects your dexterity (+4).
   It enhances your eyesight.
 m - an uncursed amulet of guardian spirit
 t - a +2 ring of dexterity (left paw)
Magical devices
 q - a wand of fire (8) {30}
 s - a wand of teleportation (9) {@v49}
Scrolls
 e - 3 scrolls of remove curse
 i - 2 scrolls of random uselessness {unknown}
 r - a scroll of identify {@r1}
 u - a scroll of immolation {unknown}
Potions
 d - a potion of berserk rage {!q}
 f - a potion of lignification {unknown}
 h - 2 potions of might
 j - 2 potions of brilliance
 k - a potion of mutation {!q}
 l - a potion of magic
 n - a potion of heal wounds {unknown}
 p - 3 potions of restore abilities
Books
 b - a book of Callings

   Spells                             Type                      Level
   a - Summon Small Mammal            Summoning                    1
   b - Call Imp                       Summoning                    2
   c - Call Canine Familiar           Summoning                    3
   d - Summon Guardian Golem          Hexes/Summoning              4
   e - Summon Lightning Spire         Summoning/Air                4
   f - Summon Ice Beast               Ice/Summoning                4
Comestibles
 c - 4 meat rations
 g - 2 royal jellies
 o - 6 chunks of flesh
 v - 2 beef jerkies
 w - 7 slices of pizza


   Skills:
 - Level 5.2 Dodging
 - Level 2.6 Stealth
 - Level 3.5 Spellcasting
 + Level 10.1 Summonings
 - Level 5.1 Ice Magic


You couldn't memorise any spells.
You knew the following spells:

 Your Spells              Type           Power        Failure   Level  Hunger
a - Summon Small Mammal   Summ           ####         1%          1    None
b - Call Imp              Summ           #####...     1%          2    ##.....
c - Call Canine Familiar  Summ           #####...     1%          3    ###....
d - Summon Ice Beast      Ice/Summ       ####....     10%         4    ####...
e - Summon Lightning Spi  Summ/Air       ###.....     24%         4    ####...


Dungeon Overview and Level Annotations

Branches:
Dungeon (8/15)             Temple (0/1) D:6
   Lair: D:8-11

Altars:
Dithmenos
Nemelex Xobeh
Ru
Yredelemnul

Shops:
D:8 **:

Annotations:
D:4 Pikel
D:8 Maurice


Innate Abilities, Weirdness & Mutations

You cannot wear armour.
You are incapable of wielding weapons or throwing items.
You have razor-sharp teeth.
You have supernaturally acute eyesight.
You are carnivorous and can eat meat at any time.
You cover ground quickly.
You are covered in thick fur (AC +2).
You have a slow metabolism.
You are a coward.
You have somewhat slow reflexes. (-3 EV)
Your paws have sharp claws that are effective at stabbing.


Message History

You start resting.
Some of the chunks of flesh in your inventory have rotted away.
You start resting.
An orc wizard comes into view. It is wielding a dagger.
You start resting.
Found an escape hatch in the ceiling.
r - a scroll of identify {@r1} You start resting.
The orc wizard shouts!
There is an open door here.
A worker ant comes into view.
The worker ant twitches its antennae in your direction.
A kobold comes into view.
An electric eel comes into view.
The electric eel shoots out a bolt of lightning at you!
The bolt of electricity hits you!
Ouch! That really hurt!
* * * LOW HITPOINT WARNING * * *
The bolt of electricity hits you!
You die...

#........######.#####
####o##### ..# # #.# # #
.. #.# # #.#
....###.######.#####.#.#
........<...a............
..#.###.###.............
#.# ........... #@# .
~.~.~.. ..............~;~
~.~.~~. .............~~
~.~.~~. ..............~
.~~~~~ ...K........~..
~~~~~ ............~ ~~~.
............. ~~.
............ ~~ ..... ...


You could see an electric eel, an orc wizard and a kobold (wandering).

Vanquished Creatures
  A crimson imp (D:5)
  2 hounds (D:7)
  Robin (D:3)
  2 adders
  A giant mite (D:6)
  A giant gecko (D:6)
  3 orcs
  A ball python (D:2)
  A bat skeleton (D:5)
  6 hobgoblins
  2 jackals
  5 kobolds
  4 bats
  2 giant newts (D:1)
  4 goblins
  A rat (D:6)
37 creatures vanquished.

Vanquished Creatures (collateral kills)
  An elf (shapeshifter) (D:8)
  Eustachio (D:8)
  A human (D:7)
  Grum (D:8)
  Menkaure (D:5)
  5 wolves (D:8)
  An orc warrior (D:6)
  A sky beast (D:7)
  A phantom (D:7)
  2 ogres
  A centaur (D:8)
  Sigmund (D:3)
  Duvessa (D:6)
  5 giant frogs
  A wyvern skeleton (D:8)
  2 scorpions
  4 wights (D:7)
  2 crimson imps
  A goliath beetle (D:7)
  Dowan (D:6)
  A giant frog zombie (D:6)
  2 jellies (D:7)
  Crazy Yiuf (D:5)
  5 orc priests
  2 iron imps
  5 orc wizards
  Natasha (D:3)
  4 sheep (D:7)
  Ijyb (D:5)
  7 adders
  3 gnolls (D:6)
  A giant mite (D:6)
  A shadow imp (D:6)
  4 worms
  A white imp (D:3)
  An adder zombie (D:8)
  3 giant geckos
  2 oozes
  21 orcs
  4 giant cockroaches
  12 goblins
  17 hobgoblins
  8 jackals
  3 quokkas
  6 bats
  A giant gecko skeleton (D:5)
  3 giant newts (D:2)
  11 kobolds
  8 rats
173 creatures vanquished.

Vanquished Creatures (others)
  A wolf (D:8)
  29 ice beasts
  2 crimson imps
  An orc wizard (D:7)
  14 hounds
  An iron imp (D:7)
  5 white imps
  A shadow imp (D:3)
  5 bats
  A giant spore (D:8)
  3 quokkas
  4 rats
67 creatures vanquished.

Grand Total: 277 creatures vanquished

Notes
Turn   | Place    | Note
--------------------------------------------------------------
     0 | D:1      | mauris, the Felid Summoner, began the quest for the Orb.
     0 | D:1      | Reached XP level 1. HP: 7/7 MP: 4/4
   172 | D:1      | Huge Dmg: 3 dmg
   347 | D:1      | Huge Dmg: 4 dmg
   546 | D:1      | Reached XP level 2. HP: 9/11 MP: 2/5
   820 | D:1      | Learned a level 2 spell: Call Imp
  1186 | D:2      | Huge Dmg: 3 dmg
  1378 | D:2      | Reached XP level 3. HP: 14/14 MP: 8/8
  1413 | D:2      | Huge Dmg: 4 dmg
  1600 | D:2      | Found a sacrificial altar of Ru.
  1668 | D:2      | Learned a level 3 spell: Call Canine Familiar
  1974 | D:2      | Found a sparkling altar of Nemelex Xobeh.
  2345 | D:3      | Reached XP level 4. HP: 18/18 MP: 5/10
  2386 | D:2      | Noticed Robin
  2396 | D:2      | Huge Dmg: 9 dmg
  2399 | D:3      | Killed Robin
  2399 | D:3      | Reached skill level 5 in Dodging
  2621 | D:3      | Huge Dmg: 4 dmg
  2786 | D:2      | Huge Dmg: 4 dmg
  2791 | D:2      | Huge Dmg: 3 dmg
  2802 | D:2      | Became a worshipper of Ru the Awakened
  2985 | D:3      | Noticed Natasha
  3073 | D:3      | Huge Dmg: 11 dmg
  3321 | D:3      | Huge Dmg: 10 dmg
  3502 | D:3      | Huge Dmg: 4 dmg
  3583 | D:3      | Reached skill level 5 in Summonings
  3855 | D:3      | Huge Dmg: 4 dmg
  4034 | D:3      | Noticed Sigmund
  4063 | D:3      | Killed Natasha
  4119 | D:3      | Killed Sigmund
  4119 | D:3      | Reached XP level 5. HP: 21/21 MP: 0/13
  4733 | D:4      | Noticed a slave
  4744 | D:4      | Noticed an ogre
  5104 | D:4      | Huge Dmg: 6 dmg
  5226 | D:4      | Learned a level 4 spell: Summon Ice Beast
  5253 | D:4      | Noticed Pikel
  5253 | D:4      | Noticed a slave
  5253 | D:4      | Noticed a slave
  5253 | D:4      | Noticed a slave
  5360 | D:4      | Killed an ogre
  5360 | D:4      | Reached skill level 1 in Ice Magic
  5415 | D:5      | Entered Level 5 of the Dungeon
  5421 | D:5      | Gained mutation: You are covered in thick fur (AC +2). [growing up]
  5421 | D:5      | Reached XP level 6. HP: 24/24 MP: 9/17
  5665 | D:5      | Gained mutation: You are a coward. [Ru sacrifice]
  5665 | D:5      | Acquired Ru's first power
  5822 | D:5      | Noticed Menkaure
  5831 | D:5      | Huge Dmg: 11 dmg
  5834 | D:5      | Huge Dmg: 5 dmg
  5840 | D:5      | Killed Menkaure
  6064 | D:5      | Noticed Crazy Yiuf
  6093 | D:5      | Killed Crazy Yiuf
  6196 | D:5      | Noticed Ijyb
  6205 | D:5      | Killed Ijyb
  6383 | D:5      | Huge Dmg: 4 dmg
  6688 | D:4      | Killed from afar by Pikel
  6689 | D:4      | Reached XP level 5. HP: 0/21 MP: 4/14
  6920 | D:4      | Noticed an orc warrior
  7110 | D:6      | Noticed Duvessa
  7110 | D:6      | Noticed Dowan
  7173 | D:6      | Reached XP level 6. HP: 24/24 MP: 2/17
  7474 | D:6      | Huge Dmg: 6 dmg
  7475 | D:6      | Killed Dowan
  7481 | D:6      | Killed Duvessa
  7487 | D:6      | Huge Dmg: 9 dmg
  7510 | D:6      | Huge Dmg: 6 dmg
  7514 | D:6      | Huge Dmg: 3 dmg
  7723 | D:6      | Found a staircase to the Ecumenical Temple.
  7783 | D:6      | Huge Dmg: 5 dmg
  7784 | D:6      | Huge Dmg: 6 dmg
  7786 | D:6      | Huge Dmg: 3 dmg
  7787 | D:6      | Reached skill level 5 in Ice Magic
  8386 | D:7      | Reached XP level 7. HP: 27/27 MP: 10/19
  8730 | D:7      | Huge Dmg: 6 dmg
  8844 | D:7      | Found a shadowy altar of Dithmenos.
  8917 | D:7      | Reached skill level 6 in Summonings
  9155 | D:7      | Huge Dmg: 7 dmg
  9336 | D:7      | Huge Dmg: 5 dmg
  9714 | D:7      | Noticed a human
  9720 | D:7      | Huge Dmg: 6 dmg
  9766 | D:7      | Huge Dmg: 9 dmg
  9768 | D:7      | Huge Dmg: 9 dmg
 10076 | D:7      | Huge Dmg: 7 dmg
 10086 | D:7      | Huge Dmg: 9 dmg
 10087 | D:7      | Reached skill level 7 in Summonings
 10429 | D:7      | Huge Dmg: 8 dmg
 10604 | D:7      | Killed a human
 10604 | D:7      | Reached XP level 8. HP: 31/31 MP: 1/20
 10863 | D:7      | Huge Dmg: 6 dmg
 10863 | D:7      | HP: 1/31 [wight/enchanted spear (5)]
 10864 | D:7      | Huge Dmg: 17 dmg
 11268 | D:7      | no
 11322 | D:7      | Huge Dmg: 15 dmg
 11537 | D:6      | Gained mutation: You have somewhat slow reflexes. (-3 EV) [Ru sacrifice]
 11537 | D:6      | Acquired Ru's second power
 11553 | D:6      | Huge Dmg: 13 dmg
 11712 | D:6      | Huge Dmg: 8 dmg
 11717 | D:6      | Reached skill level 8 in Summonings
 12001 | D:8      | Found Fudiblis' Assorted Antiques.
 12011 | D:8      | Bought a bound platinum ring for 115 gold pieces
 12011 | D:8      | Lost strength.
 12011 | D:8      | Identified the ring of Circularity {Wiz Str-5 Int+4 Dex+4 SInv} (You bought it in a shop on level 8 of the Dungeon)
 12032 | D:8      | Bought a scroll of identify for 46 gold pieces
 12032 | D:8      | Bought a scroll of identify for 46 gold pieces
 12032 | D:8      | Bought 2 potions of might for 184 gold pieces
 12232 | D:8      | Noticed an elf
 12239 | D:8      | Noticed Eustachio
 12242 | D:8      | Killed an elf
 12251 | D:8      | Killed Eustachio
 12251 | D:8      | Reached skill level 9 in Summonings
 12284 | D:8      | Noticed Maurice
 12291 | D:8      | Learned a level 4 spell: Summon Lightning Spire
 12295 | D:8      | Huge Dmg: 7 dmg
 12567 | D:8      | Huge Dmg: 10 dmg
 12571 | D:8      | Huge Dmg: 12 dmg
 12584 | D:8      | HP: 1/31 [wolf (9)]
 12585 | D:8      | Huge Dmg: 9 dmg
 12585 | D:8      | Slain by a wolf
 12586 | D:8      | Reached XP level 7. HP: -1/27 MP: 4/19
 12624 | D:8      | Found a flagged portal.
 12652 | Bailey   | Entered a bailey
 12689 | D:8      | Huge Dmg: 11 dmg
 12852 | D:8      | Found a basalt altar of Yredelemnul.
 12874 | D:8      | Huge Dmg: 7 dmg
 12884 | D:8      | Noticed Grum
 12889 | D:8      | Reached XP level 8. HP: 5/31 MP: 4/20
 12890 | D:8      | Huge Dmg: 16 dmg
 12893 | D:8      | Killed Grum
 12893 | D:8      | Reached skill level 10 in Summonings
 13054 | D:8      | Found Phopiwk's Book Shoppe.
 13064 | D:8      | Found Thizxuing's Assorted Antiques.
 13080 | D:8      | Huge Dmg: 9 dmg
 13085 | D:8      | Huge Dmg: 8 dmg
 13162 | D:8      | Killed from afar by an electric eel

Action                   |  1- 3 |  4- 6 |  7- 9 || total
-------------------------+-------+-------+-------++-------
Melee: Unarmed           |    53 |   139 |   112 ||   304
 Cast: Summon Small Mamm |    67 |       |     1 ||    68
       Call Imp          |    22 |    54 |     6 ||    82
       Call Canine Famil |       |    30 |    11 ||    41
       Summon Ice Beast  |       |    22 |    93 ||   115
       Summon Lightning  |       |       |     1 ||     1
Invok: Sacrifice Courage |       |     1 |       ||     1
       Sacrifice Health  |       |       |     1 ||     1
  Use: Scroll            |     3 |     7 |     8 ||    18
       Potion            |       |     2 |     2 ||     4
 Stab: Sleeping          |     3 |       |     1 ||     4
       Distracted        |     1 |       |     4 ||     5
  Eat: Chunk             |    12 |    26 |    38 ||    76

Vault maps used:
D:1:      dpeg_arrival_tiny_a, grunt_decor_fettered
D:2:      kennysheep_big_flooded_room, nicolae_overflow_hidden_temple,
          nemelex_diamond_rough_becter, uniq_robin
D:3:      uniq_natasha, uniq_sigmund
D:4:      first_bread, lightli_corner_chamber, uniq_pikel
D:5:      minivault_25, grunt_ministairs_2, uniq_iyjb, uniq_crazy_yiuf_cottage,
          uniq_menkaure
D:6:      minmay_temple_entry_overgrown, uniq_duvessa
D:7:      kennysheep_mini_moat, grunt_livestock
D:8:      old_standard_altar, erik_lair_island, enter_bailey_3, serial_shops,
          shop_fountains, shop, nicolae_shop_overgrown_old_shop, uniq_grum,
          uniq_eustachio, uniq_maurice
Bailey:   bailey_polearm_5, bailey
